 Dungeon Crawl Stone Soup version 0.29-a0-757-g358383bc75 (webtiles) character file.

Game seed: 8180826521840549132

230 avis the Chiller (level 5, -4/45 HPs)
             Began as a Demigod Ice Elementalist on July 1, 2022.
             Slain by a gnoll
             ... wielding a +0 flail
              (10 damage)
             ... on level 3 of the Dungeon.
             The game lasted 00:15:38 (2487 turns).

avis the Chiller (Demigod Ice Elementalist)         Turns: 2487, Time: 00:15:38

Health: -4/45      AC:  8    Str:  9    XL:     5   Next: 43%
Magic:  10/12      EV: 12    Int: 17    God:
Gold:   84         SH:  0    Dex: 18    Spells: 6/10 levels left

rFire   . . .      SeeInvis .   a - +3 sling (flame)
rCold   . . .      Faith    .   (no shield)
rNeg    . . .      Spirit   .   e - +0 robe
rPois   +          Reflect  .   (no helmet)
rElec   .          Harm     .   (no cloak)
rCorr   .          Rampage  .   (no gloves)
Will    +....                   (no boots)
Stlth   ++........              (no amulet)
HPRegen 0.15/turn               d - ring of poison resistance
MPRegen 0.13/turn               f - ring of willpower

@: ice-armoured
A: high MP 1, forlorn, divine attributes
a: no special abilities


You were on level 3 of the Dungeon.
You visited 1 branch of the dungeon, and saw 3 of its levels.

You collected 84 gold pieces.

Inventory:

Hand Weapons
 a - a +3 sling of flaming (weapon)
 b - a +0 dagger of venom
 n - a +4 vampiric war axe
 u - a +2 whip of electrocution
 v - a +2 falchion of protection
Missiles
 k - 6 poisoned darts
 t - a throwing net
Armour
 e - a +0 robe (worn)
Jewellery
 d - a ring of poison resistance (left hand)
 f - a ring of willpower (right hand)
Scrolls
 g - a scroll of blinking {unknown}
 i - 4 scrolls of identify {unknown}
 l - 3 scrolls of teleportation {unknown}
 m - a scroll of brand weapon {unknown}
 o - 2 scrolls of poison {unknown}
 p - a scroll of torment {unknown}
 q - 2 scrolls of fog {unknown}
 r - a scroll of magic mapping {unknown}
Potions
 c - a potion of lignification {unknown}
 h - 2 potions of magic
 j - a potion of berserk rage {unknown}
 s - a potion of heal wounds {unknown}


   Skills:
 - Level 3.0 Fighting
 - Level 2.0 Ranged Weapons
 - Level 1.7 Dodging
 - Level 1.7 Stealth
 - Level 3.0 Spellcasting
 * Level 4.2 Ice Magic


You had 6 spell levels left.
You knew the following spells:

 Your Spells              Type           Power      Damage    Failure   Level
a - Freeze                Ice            64%        1d8       3%          1
o - Ozocubu's Armour      Ice            16%        N/A       10%         3

Your spell library contained the following spells:

 Spells                   Type           Power      Damage    Failure   Level
 Frozen Ramparts          Ice            32%        1d5       10%         3
 Hailstorm                Conj/Ice       9%         3d4       58%         4
 Ozocubu's Refrigeration  Ice            8%         4d6       100%        7


Dungeon Overview and Level Annotations

Branches:
Dungeon (3/15)


Innate Abilities, Weirdness & Mutations

You have an increased reservoir of magic. (+10% MP)
You shall have no god before yourself.
Your divine heritage dramatically boosts your attributes as you level up.


Message History

The orc is severely wounded.
The orc hits you but does no damage.
Fire: a) +3 sling (flame)
Press: ? - help, Q - select action, (/) - cycle Shift-Dir - straight line, f/p - gnoll
Aim: a gnoll, wielding a +0 club You shoot a sling bullet.
The sling bullet hits the orc.
The sling bullet burns the orc.
You kill the orc!
Fire: a) +3 sling (flame)
Press: ? - help, Q - select action, (/) - cycle Shift-Dir - straight line, f/p - gnoll
Aim: a gnoll, wielding a +0 club You shoot a sling bullet.
The sling bullet hits the gnoll.
The sling bullet burns the gnoll.
The gnoll is heavily wounded.
The gnoll hits you with a +0 flail!
* * * LOW HITPOINT WARNING * * *
Fire: a) +3 sling (flame)
Press: ? - help, Q - select action, (/) - cycle Shift-Dir - straight line, f/p - gnoll
Aim: a gnoll, wielding a +0 club You shoot a sling bullet.
The sling bullet closely misses the gnoll.
The sling bullet hits the orc.
The sling bullet burns the orc.
You kill the orc!
The gnoll closely misses you. The gnoll hits you but does no damage.
Fire: a) +3 sling (flame)
Press: ? - help, Q - select action, (/) - cycle Shift-Dir - straight line, f - orc, p - gnoll
Aim: an orc, wielding a +0 flail You shoot a sling bullet.
The sling bullet barely misses the gnoll.
The sling bullet hits the gnoll.
The sling bullet burns the gnoll.
The gnoll is moderately wounded.
The gnoll hits you but does no damage.
Fire: a) +3 sling (flame)
Press: ? - help, Q - select action, (/) - cycle Shift-Dir - straight line, f/p - orc
Aim: an orc, wielding a +0 flail You shoot a sling bullet.
The sling bullet hits the gnoll.
The sling bullet burns the gnoll.
The gnoll is almost dead.
The gnoll hits you with a +0 flail!
You die...

........)........................
.#######..#.##.##.##)####>#######
.>........#....##.##.#.........#
.#######.##.##.†.......##.####.#
.# #.##.....).##.####.# ##.## .#
#........o.##......###)..# .##
####.####g#########......# ..#
#...##g# #.##...# ..# ##.#.##@#
#.###### ..# #####.......#######
#.# ..####...........#.....# #.#
.......##........#.....# #.#
.......................# #.#
.......###.......#.....# #.####
..####.###.......#.....# #....#
..# #.......########### ####.#
..# ######.## #.#


You could see 2 gnolls and an orc.

Vanquished Creatures
  A howler monkey (D:3)
  A hound (D:3)
  2 adders
  5 gnolls
  9 orcs (D:3)
  9 bats
  7 endoplasms
  2 giant cockroaches
  2 goblins (D:1)
  5 hobgoblins
  14 jackals
  3 kobolds (D:1)
  4 quokkas
  10 ball pythons
  5 rats
79 creatures vanquished.

Vanquished Creatures (others)
  A plant (D:3)
1 creature vanquished.

Grand Total: 80 creatures vanquished

Notes
Turn   | Place    | Note
-------+----------+-------------------------------------------
     0 | D:1      | avis the Demigod Ice Elementalist began the quest for the
                  | Orb.
     0 | D:1      | Reached XP level 1. HP: 14/14 MP: 5/5
   243 | D:1      | Reached skill level 1 in Fighting
   365 | D:1      | Reached XP level 2. HP: 22/23 MP: 2/7
  1012 | D:1      | Reached XP level 3. HP: 21/29 MP: 4/8
  1099 | D:1      | Learned a level 3 spell: Ozocubu's Armour
  1187 | D:2      | Reached skill level 4 in Ice Magic
  1525 | D:2      | Reached XP level 4. HP: 30/38 MP: 6/9
  2117 | D:3      | Reached skill level 1 in Ranged Weapons
  2117 | D:3      | Reached XP level 5. HP: 45/45 MP: 12/12
  2487 | D:3      | Slain by a gnoll

Illustrated notes

Levels and vault maps discovered:
D:1:      eino_arrival_water_star, layout_basic,
          hellmonk_ecumenical_altar_inner_sanctum, minmay_crystal_water
D:2:      layout_rooms
D:3:      lemuel_castle_with_subvaults [lemuel_castle_interior_carwin_3],
          layout_loops_cross, chequers_serial_rivers_micro_a,
          small_statue_intersection, serial_bayou_pond_a

Skill      XL: |  1  2  3  4  5 |
---------------+----------------+-----
Fighting       | 1 2 3 |  3.0
Spellcasting   | 2 3 |  3.0
Ice Magic      | 4 |  4.2
Ranged Weapons | 1 2 |  2.0
Dodging        | |  1.7
Stealth        | |  1.7

Action                   |  1- 3 |  4- 6 || total
-------------------------+-------+-------++-------
 Fire: Sling             |    73 |    70 ||   143
 Cast: Freeze            |    30 |     4 ||    34
       Ozocubu's Armour  |     1 |     2 ||     3
Armor: Robe              |     7 |     6 ||    13
Dodge: Dodged            |    30 |    17 ||    47

Table legend: (Time is in decaauts)
 A = Elapsed time spent in this place.
 B = Non-inter-level travel time spent in this place.
 C = Inter-level travel time spent in this place.
 D = Time resting spent in this place.
 E = Time spent auto-exploring this place.
 F = Levels seen in this place.
 G = Mean time per level.
                   A        B        C        D        E       F      G
               +--------+--------+--------+--------+--------+-----+--------+
         Total |   2545 |   2393 |    152 |    686 |   1108 |   3 |  848.3 |
       Dungeon |   2545 |   2393 |    152 |    686 |   1108 |   3 |  848.3 |
               +--------+--------+--------+--------+--------+-----+--------+

Top non-repeatable levels by time:
     D:1: 1195 daAuts
     D:3: 773 daAuts
     D:2: 576 daAuts
